 Dungeon Crawl Stone Soup version 0.24-a0-280-g7cec4da (webtiles) character file.

Game seed: 7941619840542634042

411 Gunnerkreig the Sneak (level 6, -1/42 HPs)
             Began as an Octopode Wizard on May 9, 2019.
             Slain by a phantom (3 damage)
             ... on level 4 of the Dungeon.
             The game lasted 00:10:45 (4183 turns).

Gunnerkreig the Sneak (Octopode Wizard)             Turns: 4183, Time: 00:10:46

Health: -1/42      AC:  2    Str:  3 (6)  XL:     6   Next: 90%
Magic:  1/12       EV: 13    Int: 20 (22) God:
Gold:   199        SH:  0    Dex: 10 (11) Spells: 6/13 levels left

rFire    . . .     SeeInvis .   p - +0 flail
rCold    . . .     Gourm    .   (no shield)
rNeg     . . .     Faith    .   a - +1 hat
rPois    .         Spirit   .   (no amulet)
rElec    .         Reflect  .   (no ring)
rCorr    .         Harm     .   (no ring)
MR       .....                  (no ring)
Stlth    ++++......             (no ring)
HPRegen  0.14/turn              (no ring)
MPRegen  0.13/turn              (no ring)
                                (no ring)
                                (no ring)

@: no status effects
A: almost no armour, stealthy swim, amphibious, 8 rings, constrict 8, camouflage
1, gelatinous body 1
a: no special abilities


You were on level 4 of the Dungeon.
You were hungry.

You visited 1 branch of the dungeon, and saw 4 of its levels.

You collected 199 gold pieces.

Inventory:

Hand Weapons
 g - a +1 dagger
 p - a +0 flail (weapon)
Missiles
 f - 56 sling bullets
 j - 165 stones (quivered)
Armour
 a - a +1 hat (worn)
 m - a +0 buckler
Wands
 q - a wand of digging (1)
 s - a wand of disintegration (16)
Scrolls
 e - 3 scrolls of teleportation
 h - a scroll of enchant weapon
 k - a scroll of enchant armour
 o - a scroll of identify {unknown}
 r - a scroll of blinking
Potions
 b - 3 potions of lignification
 i - a potion of magic {unknown}
 l - a potion of brilliance {unknown}
Comestibles
 c - 6 rations


   Skills:
 + Level 3.2 Fighting
 - Level 2.0 Dodging
 - Level 5.0 Stealth
 + Level 4.4 Spellcasting
 + Level 3.5 Conjurations
   Level 1.0 Summonings
   Level 1.0 Translocations


You had 6 spell levels left.
You knew the following spells:

 Your Spells              Type           Power        Failure   Level  Hunger
a - Magic Dart            Conj           ###.         3%          1    None
b - Conjure Flame         Conj/Fire      ##......     19%         3    ###....
c - Mephitic Cloud        Conj/Pois/Air  #.......     22%         3    ###....

Your spell library contained the following spells:

 Spells                   Type           Power        Failure   Level  Hunger
 Blink                    Tloc           N/A          12%         2    #......
 Call Imp                 Summ           #.......     12%         2    #......
 Slow                     Hex            #.......     19%         2    #......


Dungeon Overview and Level Annotations

Branches:
Dungeon (4/15)
 Temple: D:4-7

Altars:

Annotations:
D:4 Blork the orc


Innate Abilities, Weirdness & Mutations

You cannot wear most types of armour.
You are very stealthy in the water. (Stealth+)
You are amphibious.
You can wear up to eight rings at the same time.
You can use your tentacles to constrict eight enemies at once.
Your skin changes colour to match your surroundings (Stealth+).
Your rubbery body absorbs attacks. (AC +1, EV +1)


Message History

You closely miss the phantom.
The phantom is almost destroyed.
The phantom hits you.
* * * LOW HITPOINT WARNING * * *
The phantom blinks!
Unknown command.
Throwing (i - inventory)
j - 167 stones (quivered)
Press: ? - help, Shift-Dir - straight line, f/p - phantom
Aim: a phantom (almost destroyed)
You throw a stone. The stone closely misses the phantom.
The phantom blinks!
Throwing (i - inventory)
j - 166 stones (quivered)
Press: ? - help, Shift-Dir - straight line, f/p - phantom
Aim: a phantom (almost destroyed)
You throw a stone. The stone barely misses the phantom.
You are feeling hungry.
The phantom blinks!
You hit the phantom.
The phantom is almost destroyed.
The phantom hits you.
You die...

.....# .....# .....#
#+##### .....# ....(..
.....# ......( .....#
..(...( ....÷######
..§...(
##'##.....#######(....§.
....#...........@W(#
....#....(.........#
....#..............#
....#....(.........#
#####...........(..#
################


You could see a phantom.

Vanquished Creatures
  A scorpion (D:4)
  A hound (D:4)
  An orc priest (D:3)
  2 orc wizards (D:3)
  Jessica (D:3)
  An iguana (D:4)
  Ijyb (D:3)
  A hound skeleton (D:4)
  5 adders
  2 oozes
  An adder skeleton (D:4)
  A worm (D:4)
  5 dart slugs
  2 leopard geckos
  14 orcs
  9 bats
  3 giant cockroaches
  3 goblins
  2 hobgoblins
  6 jackals
  6 frilled lizards
  14 kobolds
  A quokka skeleton (D:4)
  5 rats
88 creatures vanquished.

Notes
Turn   | Place    | Note
-------+----------+-------------------------------------------
     0 | D:1      | Gunnerkreig the Octopode Wizard began the quest for the
                  | Orb.
     0 | D:1      | Reached XP level 1. HP: 11/11 MP: 4/4
   283 | D:1      | Reached skill level 3 in Stealth
   283 | D:1      | Reached XP level 2. HP: 18/18 MP: 0/6
   773 | D:2      | Reached skill level 1 in Fighting
   969 | D:2      | Reached XP level 3. HP: 19/23 MP: 0/7
  1613 | D:2      | Learned a level 3 spell: Conjure Flame
  1617 | D:2      | Learned a level 3 spell: Mephitic Cloud
  1712 | D:3      | Reached XP level 4. HP: 27/28 MP: 5/9
  1754 | D:3      | Reached skill level 4 in Stealth
  2117 | D:3      | Noticed Jessica
  2123 | D:3      | Killed Jessica
  2123 | D:3      | Reached XP level 5. HP: 22/34 MP: 2/10
  2786 | D:3      | Noticed Ijyb
  2809 | D:3      | Reached XP level 6. HP: 18/41 MP: 7/11
  2821 | D:3      | Killed Ijyb
  3121 | D:3      | Reached skill level 5 in Stealth
  3360 | D:4      | Noticed Blork the orc
  3887 | D:4      | HP: 2/42 [iguana (11)]
  4144 | D:4      | Noticed a phantom
  4180 | D:4      | HP: 2/42 [phantom (6)]
  4183 | D:4      | Slain by a phantom

Levels and vault maps discovered:
D:1:      co_arrival_square_in_a_square_in_a_square, layout_rooms,
          minmay_split_cup_large
D:2:      layout_loops_ring
D:3:      layout_loops_ring, minmay_liquid_box, minmay_misc_feat_iff, uniq_ijyb,
          uniq_jessica
D:4:      layout_gridville, doesnt_xom_only_xom, minmay_temple_entry_slanted,
          uniq_blork_the_orc, uniq_edmund

Skill      XL: |  1  2  3  4  5  6 |
---------------+-------------------+-----
Stealth        | 3 4 5 |  5.0
Fighting       | 1 2 3 |  3.2
Conjurations   | 2 3 |  3.5
Spellcasting   | 4 |  4.4
Dodging        | |  2.0
Summonings     | |  1.0
Translocations | |  1.0

Action                   |  1- 3 |  4- 6 || total
-------------------------+-------+-------++-------
Melee: Dagger            |    37 |    41 ||    78
       Tentacles         |     9 |     7 ||    16
       Constrict         |     9 |    24 ||    33
       Flail             |       |    69 ||    69
Throw: Javelin           |       |    11 ||    11
       Stone             |       |     7 ||     7
       Tomahawk          |       |     4 ||     4
 Cast: Magic Dart        |    71 |   130 ||   201
       Mephitic Cloud    |       |     4 ||     4
       Conjure Flame     |       |     1 ||     1
  Use: Scroll            |     6 |       ||     6
       Potion            |       |     8 ||     8
 Stab: Sleeping          |     1 |     2 ||     3
       Confused          |       |     2 ||     2
  Eat: Chunk             |     1 |     9 ||    10
Armor: Skin              |     4 |    22 ||    26
Dodge: Dodged            |    27 |    57 ||    84

Table legend:
 A = Non-vault XP
 B = Vault XP
 C = Vault XP percentage of total XP
 D = Non-vault monster count
 E = Vault monster count
 F = Vault count percentage of total count
                 A         B        C        D         E       F
            +---------+---------+-------+---------+---------+-------
      Total |     510 |      78 |  13.3 |      82 |       6 |   6.8
            +---------+---------+-------+---------+---------+-------
        D:1 |      19 |       6 |  24.0 |      12 |       4 |  25.0
        D:2 |      48 |       0 |   0.0 |      18 |       0 |   0.0
        D:3 |     231 |      72 |  23.8 |      40 |       2 |   4.8
        D:4 |     212 |       0 |   0.0 |      12 |       0 |   0.0
            +---------+---------+-------+---------+---------+-------
